 Seeded DCSS version 0.29.1-1-gd02db6906a (webtiles) character file.

Game seed: 11355732149685707320 (custom seed)

103 gzilladon the Chopper (level 4, 0/41 HPs)
             Began as a Hill Orc Monk on Sept 28, 2022.
             Was a Believer of Beogh.
             Slain by a river rat (3 damage)
             ... on level 3 of the Dungeon.
             The game lasted 00:08:52 (2932 turns).

gzilladon the Chopper (Hill Orc Monk)               Turns: 2932, Time: 00:08:53

Health: 0/41       AC:  8    Str: 21    XL:     4   Next: 79%
Magic:  4/4        EV:  4    Int: 10    God:    Beogh [**....]
Gold:   90         SH: 11    Dex: 13    Spells: 3/3 levels left

rFire   . . .      SeeInvis .   a - +0 hand axe
rCold   . . .      Faith    .   f - +0 tower shield
rNeg    . . .      Spirit   .   p - +0 chain mail
rPois   .          Reflect  .   (no helmet)
rElec   .          Harm     .   (no cloak)
rCorr   .          Rampage  .   (no gloves)
Will    .....                   (no boots)
Stlth   ..........              (no amulet)
HPRegen 0.13/turn               o - +6 ring of strength
MPRegen 0.09/turn               (no ring)

@: very slow
A: no striking features
a: Renounce Religion, Smiting


You were on level 3 of the Dungeon.
You worshipped Beogh.
Beogh was pleased with you.
You visited 1 branch of the dungeon, and saw 3 of its levels.

You collected 90 gold pieces.

Inventory:

Hand Weapons
 a - a +0 hand axe (weapon)
Missiles
 i - 14 stones (quivered)
Armour
 b - a +0 robe
 d - a +0 scale mail
 f - a +0 tower shield (worn)
 p - a +0 chain mail (worn)
Jewellery
 o - a +6 ring of strength (left hand)
Scrolls
 e - 5 scrolls of identify {unknown}
 g - a scroll of fear {unknown}
 h - 2 scrolls of magic mapping {unknown}
 j - a scroll of teleportation {unknown}
 l - a scroll of blinking {unknown}
Potions
 k - a potion of lignification {unknown}
 m - a potion of degeneration {unknown}
 n - a potion of curing {unknown}


   Skills:
 * Level 4.5 Fighting
 * Level 5.0 Axes
 * Level 1.3 Armour
 + Level 2.6 Dodging
 - Level 1.5 Stealth
 * Level 1.9 Shields
 * Level 0.8 Invocations


You had 3 spell levels left.
You didn't know any spells.
Your spell library contained the following spells:

 Spells                   Type           Power      Damage    Failure   Level
 Anguish                  Hex/Necr       0%         N/A       100%        4
 Enfeeble                 Hex            0%         N/A       100%        7


Dungeon Overview and Level Annotations

Branches:
Dungeon (3/15)

Altars:
Dithmenos
Trog
The Shining One

Shops:
D:1 *


Message History

You block the river rat's attack. The river rat barely misses you.
You barely miss the river rat.
The river rat is severely wounded.
The river rat bites you.
* * * LOW HITPOINT WARNING * * *
You closely miss the river rat.
The river rat is severely wounded.
You block the river rat's attack. x2
Your unstable footing causes you to fumble your attack.
You block the river rat's attack.
Your unstable footing causes you to fumble your attack.
The river rat bites you!
* * * LOW HITPOINT WARNING * * *
The river rat bites you but does no damage.
You hit the river rat but do no damage.
The river rat is severely wounded.
You block the river rat's attack.
Your unstable footing causes you to fumble your attack.
You block the river rat's attack. The river rat completely misses you.
You hit the river rat but do no damage.
The river rat is severely wounded.
You block the river rat's attack.
You closely miss the river rat.
The river rat is severely wounded.
The river rat bites you.
* * * LOW HITPOINT WARNING * * *
You block the river rat's attack.
Your unstable footing causes you to fumble your attack.
You block the river rat's attack.
Your unstable footing causes you to fumble your attack.
You block the river rat's attack.
You hit the river rat but do no damage.
The river rat is severely wounded.
The river rat barely misses you. You block the river rat's attack.
Your unstable footing causes you to fumble your attack.
You block the river rat's attack.
You closely miss the river rat.
The river rat is severely wounded.
The river rat bites you.
You die...

#.....# #.# #.).# # ###.### #.#
#~ ~# #.### # ###.##### #.# #~ ~~
#.# # ........# #.# ~##~# ##.# #
....#...# ### ~~#~# #..# #
....#...# #~##~#~# ##.## #
........# ~~~#~# ###..# #
........########r#~# #...## #
............#~~~@~~# ##### ###
........#####~#################..
##...#### #~~)~~~~~~........#.#
#...# #####~#~#~~..#####.#.#
#...# #..~~~~~.~...# #.... #...#
#....~......## ###.# #...#
#..........## #####.#
#...#######.......########......
##.........#.####.###.....#.#####


You could see a river rat.

Vanquished Creatures
  2 river rats (D:3)
  3 adders (D:2)
  3 worms
  6 orcs (D:3)
  2 endoplasms
  4 giant cockroaches
  7 goblins
  4 hobgoblins
  3 bats
  2 frilled lizards
  4 kobolds
  A rat (D:1)
41 creatures vanquished.

Vanquished Creatures (others)
  2 orc priests (D:3)
  An orc wizard (D:3)
  3 gnolls (D:3)
  An orc (D:3)
  A ball python (D:3)
8 creatures vanquished.

Grand Total: 49 creatures vanquished

Notes
Turn   | Place    | Note
-------+----------+-------------------------------------------
     0 | D:1      | gzilladon the Hill Orc Monk began the quest for the Orb.
     0 | D:1      | Reached XP level 1. HP: 19/19 MP: 1/1
   192 | D:2      | Reached XP level 2. HP: 23/27 MP: 2/2
   488 | D:3      | Became a worshipper of Beogh the Brigand
   488 | D:3      | Reached * piety under Beogh
   488 | D:3      | Reached ** piety under Beogh
   830 | D:1      | Found a faded altar of an unknown god.
   836 | D:1      | Reached XP level 3. HP: 29/33 MP: 3/3
   889 | D:1      | Found Lenkeg's General Store.
  1280 | D:2      | Reached skill level 1 in Shields
  1306 | D:2      | Reached skill level 1 in Armour
  1360 | D:2      | Reached skill level 5 in Axes
  1466 | D:2      | Reached XP level 4. HP: 12/40 MP: 4/4
  1952 | D:3      | Found a glowing golden altar of the Shining One.
  2189 | D:3      | Found a shadowy altar of Dithmenos.
  2466 | D:3      | Found a bloodstained altar of Trog.
  2927 | D:3      | HP: 2/41 [river rat (3)]
  2932 | D:3      | Slain by a river rat

Illustrated notes

Levels and vault maps discovered:
D:1:      onia_arrival_pyramid, layout_basic, serial_shops, shop,
          hellmonk_ecumenical_altar_zigzags, minmay_misc_feat_cross
D:2:      layout_basic, fountainhead
D:3:      layout_loops_cross, mainiacjoe_overflow_boulevard,
          nemelex_diamond_rough_becter, mainiacjoe_overflow_tiny_flanked,
          trog_book, lightli_sewer_entry_pipes

Skill      XL: |  1  2  3 |
---------------+----------+-----
Fighting       | 4 |  4.5
Shields        | 1 |  1.9
Armour         | 1 |  1.3
Axes           | 5 |  5.0
Dodging        | |  2.6
Stealth        | |  1.5
Invocations    | |  0.8

Action                   |  1- 3 |  4- 6 || total
-------------------------+-------+-------++-------
Melee: Hand axe          |   115 |   101 ||   216
Invok: Convert to Beogh  |     1 |       ||     1
  Use: Potion            |       |     1 ||     1
Armor: Scale mail        |    61 |     6 ||    67
       Chain mail        |       |    14 ||    14
Dodge: Dodged            |    26 |    10 ||    36
Block: Tower shield      |    58 |    65 ||   123
